 Dungeon Sprint DCSS version 0.27-a0-1513-g2aaa0cc67b (webtiles) character file.

Game seed: 15368916606530004136

17612 mhtbhm the Peltast (level 12, -3/125 HPs)
             Began as a Minotaur Fighter on July 9, 2021.
             Was the Champion of Qazlal.
             Slain by an orc knight (39 damage)
             ... in the Dungeon (Sprint IX: "|||||||||||||||||||||||||||||").
             The game lasted 00:03:17 (2253 turns).

mhtbhm the Peltast (Minotaur Fighter)               Turns: 2253, Time: 00:03:17

Health: -3/125     AC: 24    Str: 31    XL:     12   Next: 20%
Magic:  11/17      EV: 11    Int:  5    God:    Qazlal [******]
Gold:   1722       SH: 24    Dex: 11    Spells: 11/11 levels left

rFire    . . .     SeeInvis .   a - +0 trident
rCold    + . .     Faith    .   c - +0 kite shield
rNeg     . . .     Spirit   .   b - +1 plate armour {rC+}
rPois    .         Reflect  .   (helmet restricted)
rElec    .         Harm     .   t - +0 cloak
rCorr    .         Rampage  .   (no gloves)
Will     .....     NoTele   +   s - +0 pair of boots
Stlth    ..........             (no amulet)
HPRegen  0.30/turn              n - +3 ring of strength
MPRegen  0.15/turn              o - +3 ring of strength

@: mighty, protected from physical damage, repel missiles
A: horns 2, retaliatory headbutt
a: Renounce Religion, Upheaval, Elemental Force, Disaster Area


You were in the Dungeon.
You worshipped Qazlal.
Qazlal was exalted by your worship.
You visited 1 branch You collected 1722 gold pieces.

Inventory:

Hand Weapons
 a - a +0 trident (weapon)
Armour
 b - a +1 plate armour of cold resistance (worn)
 c - a +0 kite shield (worn)
 s - a +0 pair of boots (worn)
 t - a +0 cloak (worn)
Jewellery
 i - the ring "Qiuhas" {+Blink rF+}
   (You found it in the Dungeon)

   [ring of protection from fire]

   rF:        It protects you from fire.
   +Blink:    It lets you blink.
 n - a +3 ring of strength (left hand)
 o - a +3 ring of strength (right hand)
Wands
 m - a wand of iceblast (10)
Scrolls
 j - 2 scrolls of blinking
 l - 2 scrolls of amnesia
 p - 2 scrolls of identify
 q - a scroll of fear
 r - 2 scrolls of enchant armour
Potions
 d - a potion of berserk rage
 e - 6 potions of curing
 f - a potion of might
 g - a potion of haste
 h - 4 potions of magic
 k - a potion of invisibility


   Skills:
 + Level 17.5 Fighting
 + Level 17.2 Polearms
 + Level 15.6 Armour
 + Level 6.8 Dodging
 + Level 0.2 Stealth
 + Level 18.3 Shields
 * Level 8.7 Invocations


You had 11 spell levels left.
You didn't know any spells.
Your spell library contained the following spells:

 Spells                   Type           Power      Damage    Failure   Level
 Slow                     Hex            0%         N/A       99%         2
 Confusing Touch          Hex            0%         N/A       100%        3
 Vampiric Draining        Necr           0%         2d6       100%        3


Dungeon Overview and Level Annotations

Branches:
Dungeon (1/1)

Altars:
Cheibriados
Dithmenos
Elyvilon
Fedhas
Gozag
Hepliaklqana
Kikubaaqudgha
Makhleb
Nemelex Xobeh
Okawaru
Qazlal
Ru
Sif Muna
Trog
Uskayaw
Vehumet
Wu Jian
Xom
Yredelemnul
Zin
The Shining One
Beogh
Jiyva
Lugonu

Shops:
D *:(?


Innate Abilities, Weirdness & Mutations

You have a pair of horns on your head.
You reflexively headbutt those who attack you in melee.


Message History

The orc knight is no longer encased in ice.
The orc knight barely misses you.
You hit the orc knight.
The orc knight is severely wounded.
You block the orc knight's attack.
Unknown command.
Unknown command.
Unknown command.
You closely miss the orc knight.
The orc knight is severely wounded.
You block the orc knight's attack. The orc knight barely misses you.
You furiously retaliate!
You headbutt the orc knight! You closely miss the orc knight.
The orc knight is almost dead.
You block the orc knight's attack.
You hit the orc knight but do no damage.
The orc knight is almost dead.
The orc knight hits you with a +0 great sword!!
You feel more protected from physical attacks.
You barely miss the orc knight.
The orc knight is almost dead.
You block the orc knight's attack.
Unknown command.
You feel very mighty all of a sudden.
The orc warrior no longer looks unusually strong.
The orc knight roars a battlecry!
The orc warrior goes into a battle-frenzy!
You block the orc knight's attack.
You puncture the orc knight!
You kill the orc knight!
Qazlal accepts your kill.
The orc knight hits you with a +0 bardiche!
* * * LOW HITPOINT WARNING * * *
Things that are here:
a +0 great sword; a +0 chain mail; 50 gold pieces Unknown command.
Unknown command.
You feel better.
The orc knight hits you with a +0 bardiche!!!
You die...

________'..).[[[..).)....')(....'
▓▓▓▓▓▓▓▓▓▓▓▓▓▓▓▓▓▓▓▓▓▓▓▓▓▓▓▓▓▓▓▓▓
.................................
▓▓▓▓▓▓▓▓▓▓▓▓▓▓▓▓▓▓▓▓▓▓▓▓▓▓▓▓▓▓▓▓▓
........††........)()'..[.[...'..
▓▓▓▓▓▓▓▓▓▓▓▓▓▓▓▓▓▓▓▓▓▓▓▓▓▓▓▓▓▓▓▓▓
.........).......................
▓▓▓▓▓▓▓▓▓▓▓▓▓▓▓▓▓▓▓▓▓▓▓▓▓▓▓▓▓▓▓▓▓
.......)[[.).∩.∩@ooo....
▓▓▓▓▓▓▓▓▓▓▓▓▓▓▓▓▓▓▓▓▓▓▓▓


You could see 2 orc knights and an orc warrior (strong).

Vanquished Creatures
  A boulder beetle (D)
  4 hydras (D)
  Erica (D)
  A centaur warrior (D)
  2 catoblepae (D)
  A two-headed ogre (D)
  A death yak (D)
  An orc high priest (D)
  7 orc knights (D)
  A cyclops (D)
  A black mamba (D)
  A cane toad (D)
  A kobold demonologist (D)
  A rime drake (D)
  An unseen horror (D)
  2 komodo dragons (D)
  A polar bear (D)
  A blink frog (D)
  A dream sheep (D)
  A wyvern (D)
  7 yaks (D)
  2 water moccasins (D)
  14 orc warriors (D)
  3 bullfrogs (D)
  A scorpion (D)
  A killer bee (D)
  A howler monkey (D)
  2 orc priests (D)
  2 hounds (D)
  6 orc wizards (D)
  An adder skeleton (D)
  6 orcs (D)
  2 hobgoblins (D)
  A jackal (D)
  A kobold (D)
  A ball python skeleton (D)
  A rat (D)
83 creatures vanquished.

Vanquished Creatures (others)
  A catoblepas (D)
1 creature vanquished.

Grand Total: 84 creatures vanquished

Notes
Turn   | Place    | Note
-------+----------+-------------------------------------------
     0 | D        | mhtbhm the Minotaur Fighter began the quest for the Orb.
     0 | D        | Reached XP level 1. HP: 19/19 MP: 0/0
     9 | D        | Reached skill level 4 in Shields
   119 | D        | Noticed a hound
   119 | D        | Noticed a scorpion
   119 | D        | Noticed a hound
   123 | D        | Killed a hound
   124 | D        | Reached skill level 5 in Fighting
   124 | D        | Reached skill level 5 in Armour
   124 | D        | Reached skill level 5 in Shields
   124 | D        | Reached XP level 2. HP: 28/29 MP: 1/1
   124 | D        | Reached XP level 3. HP: 35/36 MP: 2/2
   127 | D        | Killed a scorpion
   128 | D        | Reached skill level 1 in Dodging
   128 | D        | Reached skill level 6 in Shields
   128 | D        | Reached XP level 4. HP: 45/45 MP: 3/3
   130 | D        | Reached skill level 7 in Shields
   140 | D        | Found a snail-covered altar of Cheibriados.
   140 | D        | Found a shadowy altar of Dithmenos.
   140 | D        | Found a white marble altar of Elyvilon.
   140 | D        | Found a blossoming altar of Fedhas.
   140 | D        | Found an opulent altar of Gozag.
   141 | D        | Found a hazy altar of Hepliaklqana.
   142 | D        | Found a viscous altar of Jiyva.
   143 | D        | Found an ancient bone altar of Kikubaaqudgha.
   144 | D        | Found a corrupted altar of Lugonu.
   145 | D        | Found a burning altar of Makhleb.
   146 | D        | Found a sparkling altar of Nemelex Xobeh.
   147 | D        | Found an iron altar of Okawaru.
   148 | D        | Found a stormy altar of Qazlal.
   149 | D        | Found a sacrificial altar of Ru.
   150 | D        | Found a shimmering blue altar of Sif Muna.
   151 | D        | Found a bloodstained altar of Trog.
   152 | D        | Found a hide-covered altar of Uskayaw.
   153 | D        | Found a radiant altar of Vehumet.
   154 | D        | Found an ornate altar of the Wu Jian Council.
   155 | D        | Found a shimmering altar of Xom.
   156 | D        | Became a worshipper of Qazlal Stormbringer
   157 | D        | Found a basalt altar of Yredelemnul.
   158 | D        | Found a glowing silver altar of Zin.
   159 | D        | Found a glowing golden altar of the Shining One.
   200 | D        | Noticed a two-headed ogre
   200 | D        | Noticed a kobold demonologist
   209 | D        | Killed a two-headed ogre
   210 | D        | Reached skill level 10 in Fighting
   210 | D        | Reached skill level 10 in Shields
   210 | D        | Reached XP level 5. HP: 53/59 MP: 4/4
   210 | D        | Reached XP level 6. HP: 61/67 MP: 5/5
   210 | D        | Reached XP level 7. HP: 66/73 MP: 6/6
   212 | D        | Reached skill level 11 in Shields
   213 | D        | Reached * piety under Qazlal
   225 | D        | Noticed a hellwing
   226 | D        | Noticed an orange demon
   238 | D        | Killed a kobold demonologist
   239 | D        | Reached XP level 8. HP: 42/82 MP: 7/7
   253 | D        | Killed an unseen horror
   253 | D        | Reached ** piety under Qazlal
   254 | D        | Reached skill level 10 in Polearms
   254 | D        | Reached skill level 12 in Shields
   532 | D        | Noticed a seven-headed hydra
   532 | D        | Noticed a centaur warrior
   532 | D        | Noticed a cyclops
   532 | D        | Noticed a six-headed hydra
   532 | D        | Noticed a catoblepas
   532 | D        | Noticed a boulder beetle
   537 | D        | Killed a seven-headed hydra
   538 | D        | Reached XP level 9. HP: 29/90 MP: 8/8
   546 | D        | Killed a centaur warrior
   547 | D        | Reached skill level 13 in Shields
   552 | D        | Killed a cyclops
   557 | D        | Killed a six-headed hydra
   557 | D        | Reached *** piety under Qazlal
   558 | D        | Reached skill level 5 in Dodging
   558 | D        | Reached skill level 14 in Shields
   563 | D        | Killed a catoblepas
   564 | D        | Reached XP level 10. HP: 7/102 MP: 9/9
   935 | D        | Killed a boulder beetle
  1141 | D        | Got the ring "Qiuhas" {+Blink rF+}
  1154 | D        | Noticed a six-headed hydra
  1154 | D        | Noticed a black mamba
  1154 | D        | Noticed a cane toad
  1162 | D        | Killed a six-headed hydra
  1163 | D        | Reached skill level 15 in Shields
  1168 | D        | Killed a black mamba
  1168 | D        | Reached **** piety under Qazlal
  1173 | D        | Killed a cane toad
  1174 | D        | Reached skill level 1 in Invocations
  1189 | D        | Reached ***** piety under Qazlal
  1190 | D        | Reached skill level 15 in Fighting
  1399 | D        | Noticed a five-headed hydra
  1404 | D        | Killed a five-headed hydra
  1405 | D        | Reached skill level 15 in Polearms
  1405 | D        | Reached XP level 11. HP: 112/112 MP: 12/12
  1430 | D        | Reached skill level 16 in Shields
  1445 | D        | Reached ****** piety under Qazlal
  1469 | D        | Noticed a catoblepas
  1469 | D        | Noticed a catoblepas
  1469 | D        | Noticed a death yak
  1478 | D        | Reached skill level 15 in Armour
  1478 | D        | Reached skill level 5 in Invocations
  1490 | D        | Killed a catoblepas
  1500 | D        | Killed a catoblepas
  1511 | D        | Killed a death yak
  1527 | D        | Reached skill level 17 in Shields
  1590 | D        | Noticed Erica
  1603 | D        | Killed Erica
  1738 | D        | Noticed an orc high priest
  1772 | D        | Killed an orc high priest
  1961 | D        | Found Degixty's General Store.
  1961 | D        | Noticed an orc knight
  1961 | D        | Noticed an orc knight
  1961 | D        | Noticed an orc knight
  1963 | D        | Noticed an orc knight
  1971 | D        | Killed an orc knight
  1976 | D        | Noticed an orc knight
  1983 | D        | Noticed an orc knight
  1985 | D        | Killed an orc knight
  1993 | D        | Reached XP level 12. HP: 114/125 MP: 8/17
  2000 | D        | Found Ragionwe's Book Shoppe.
  2010 | D        | Reached skill level 18 in Shields
  2203 | D        | Found Jouc's Antique Weapon Emporium.
  2227 | D        | Found Fiqearoh's Magic Scroll Shoppe.
  2253 | D        | Slain by an orc knight

Illustrated notes

Levels and vault maps discovered:
D:        linesprint [early_d, line_temple, items_1, d_10, items_2, lair_1,
          lair_end, items_3, orc_1, orc_end, items_4, d_15, swamp_1, shoals_1,
          snake_1, spider_1, d_20, vaults_1, items_5, swamp_end, shoals_end,
          snake_end, spider_end, vaults_end, d_27, items_6, zot_1, zot_end,
          crypt_end, forest_end, elf_end, slime_end, tomb_end, abyss_end,
          pan_hell_end]

Skill      XL: |  1  2  3  4  5  6  7  8  9 10 11 12 |
---------------+-------------------------------------+-----
Fighting       | 5 6 10 11 12 13 15 17 | 17.5
Armour         | 5 6 11 12 13 14 15 | 15.6
Shields        | 5 6 10 11 12 14 15 17 18 | 18.3
Polearms       | 3 4 8 9 11 13 15 16 17 | 17.2
Dodging        | 1 2 3 4 5 6 |  6.8
Invocations    | 3 8 |  8.7
Stealth        | |  0.2

Action                   |  1- 3 |  4- 6 |  7- 9 | 10-12 || total
-------------------------+-------+-------+-------+-------++-------
Melee: Trident           |    17 |    13 |    62 |   368 ||   460
       Headbutt          |     5 |     2 |    16 |    86 ||   109
Invok: Disaster Area     |       |       |       |     2 ||     2
  Use: Potion            |       |     2 |     3 |     2 ||     7
       Scroll            |       |       |       |     1 ||     1
Armor: Scale mail        |     4 |     3 |       |       ||     7
       Plate armour      |       |     1 |    43 |    31 ||    75
Dodge: Dodged            |     7 |     3 |    13 |    18 ||    41
Block: Kite shield       |     9 |     4 |    65 |   149 ||   227

Table legend: (Time is in decaauts)
 A = Elapsed time spent in this place.
 B = Non-inter-level travel time spent in this place.
 C = Inter-level travel time spent in this place.
 D = Time resting spent in this place.
 E = Time spent auto-exploring this place.
 F = Levels seen in this place.
 G = Mean time per level.
                   A        B        C        D        E       F      G
               +--------+--------+--------+--------+--------+-----+--------+
         Total |   2112 |   2112 |      0 |   1200 |    212 |   1 | 2112.0 |
       Dungeon |   2112 |   2112 |      0 |   1200 |    212 |   1 | 2112.0 |
               +--------+--------+--------+--------+--------+-----+--------+

Top non-repeatable levels by time:
       D: 2112 daAuts
